cohdb
Replays
Latest Replays
All Replays
Popular Replays
Top Player Replays
Match Explorer
How It Works
Community
CoH3 Stats
Reddit
Sign in to upload your games and track your stats! →
Sign in with Steam
Match 42953940
Unlisted
Match 42953940
Overview
Messages
Build Orders
End
Scout Squad
Scout Squad
Selects Airborne Battlegroup
Selects Pathfinders
Construct Weapon Support Center
M1919 Machine Gun Team
Bazooka Squad
Mechanized Support Center
Construct Medical Station
Selects Paratrooper Squad Paradrop
Paratrooper Squad Paradrop
Paratrooper Squad Paradrop
Construct Motor Pool
Selects Smoke Bombing Run
Selects Supply Drop
M24 Chaffee Light Tank
Paratrooper Squad Paradrop
Supply Drop
Paratrooper Squad Paradrop
Supply Drop
Construct Tank Depot
Selects Carpet Bombing Run
CoicA
ShodanN
LUCKYDEER_-_-
dark_fenix_02
Klimbo
Legionary
StarMinD
SilkyRex909
0
0
Comments
sign in to comment!
No comments posted yet!